 Dungeon Crawl Stone Soup version 0.30-a0-696-g2367cd04db (webtiles) character file.

Game seed: 8880008499726005844

27413 greenreed the Grappler (level 13, -13/124 HPs)
             Began as a Troll Monk on Jan 20, 2023.
             Was a High Priest of Okawaru.
             Mangled by a tengu warrior
             ... wielding a +0 great sword
              (20 damage)
             ... in the Arena.
             The game lasted 00:32:44 (12638 turns).

greenreed the Grappler (Troll Monk)                Turns: 12638, Time: 00:32:44

Health: -13/124    AC:  8    Str: 32    XL:     13   Next: 4%
Magic:  4/17       EV: 13    Int:  6    God:    Okawaru [*****.]
Gold:   768        SH:  5    Dex: 12    Spells: 12/12 levels left

rFire   . . .      SeeInvis .      - Unarmed
rCold   . . .      Faith    .    (no shield)
rNeg    . . .      Spirit   .    L - +0 troll leather armour
rPois   +          Reflect  +    (helmet restricted)
rElec   .          Harm     .    o - +0 cloak
rCorr   .          Rampage  .    (gloves unavailable)
Will    .....                    (boots unavailable)
Stlth   +++                      O - amulet of reflection
HPRegen 2.00/turn                C - ring of poison resistance
MPRegen 0.15/turn                H - +6 ring of strength

@: heroic, finesse-ful, duelling
A: large, unfitting armour, claws 3, regeneration 1, shaggy fur 1, tough skin 1
a: Renounce Religion, Heroism, Finesse, Duel


You were in the Arena.
You worshipped Okawaru.
Okawaru was extremely pleased with you.
You visited 2 branches of the dungeon, and saw 15 of its levels.

You collected 824 gold pieces.
You spent 56 gold pieces at shops.

Inventory:

Hand Weapons
 a - a +3 whip of electrocution
 n - a +2 whip of holy wrath
Missiles
 f - 17 javelins
 r - 25 large rocks (quivered)
Armour
 o - a +0 cloak (worn)
 J - the +1 robe of Indecent Exposure {rN+ rCorr}
   (Okawaru gifted it to you on level 8 of the Dungeon)

   rN:        It protects you from negative energy.
   rCorr:     It protects you from acid and corrosion.
 L - a +0 troll leather armour (worn)
Jewellery
 i - a +5 ring of evasion
 C - a ring of poison resistance (left claw)
 H - a +6 ring of strength (right claw)
 N - a ring of see invisible
 O - an amulet of reflection (around neck)
 Q - a ring of magical power
Wands
 q - a wand of digging (14)
 t - a wand of paralysis (9)
 y - a wand of roots (6)
 R - a wand of flame (6)
Scrolls
 e - 8 scrolls of teleportation
 g - 3 scrolls of immolation
 k - 2 scrolls of enchant armour
 s - 4 scrolls of enchant weapon
 w - a scroll of torment
 x - 2 scrolls of blinking
 z - 2 scrolls of poison
 A - 5 scrolls of fear
 D - a scroll of vulnerability
 E - 3 scrolls of silence
 G - 6 scrolls of fog
 M - 2 scrolls of magic mapping
 P - 2 scrolls of brand weapon
Potions
 b - 3 potions of ambrosia
 c - 3 potions of resistance {unknown}
 d - 3 potions of might
 h - 2 potions of lignification {unknown}
 j - 2 potions of berserk rage
 l - 4 potions of mutation
 m - 2 potions of magic {unknown}
 p - 3 potions of attraction
 u - 2 potions of brilliance
 v - 2 potions of haste
 B - 2 potions of heal wounds {unknown}
 F - a potion of cancellation {unknown}
 I - 3 potions of curing
 K - 2 potions of invisibility {unknown}


   Skills:
 * Level 7.3(12.3) Fighting
 + Level 9.7(14.7) Throwing
 + Level 3.6(8.6) Armour
 + Level 5.6(10.6) Dodging
 + Level 2.4(7.4) Stealth
 + Level 1.3(6.3) Shields
 * Level 13.8(18.8) Unarmed Combat
 * Level 7.4 Invocations


You had 12 spell levels left.
You didn't know any spells.
Your spell library contained the following spells:

 Spells                   Type           Power      Damage    Failure   Level
 Kiss of Death            Conj/Necr      0%         2d5       47%         1
 Sandblast                Erth           0%         2d4       47%         1
 Passwall                 Tmut/Erth      0%         N/A       63%         2
 Sublimation of Blood     Necr           0%         N/A       63%         2
 Confusing Touch          Hex            0%         N/A       85%         3
 Ignite Poison            Fire/Tmut/Pois 0%         N/A       85%         3
 Kindle Blastsparks       Fire/Tloc/Air  0%         2d10      85%         3
 Ozocubu's Armour         Ice            0%         N/A       85%         3
 Stone Arrow              Conj/Erth      0%         3d7       85%         3
 Dispel Undead            Necr           0%         3d6       99%         4
 Petrify                  Tmut/Erth      0%         N/A       99%         4
 Freezing Cloud           Conj/Ice/Air   0%         6-21      100%        5
 Irradiate                Conj/Tmut      0%         3d11      100%        5
 Ozocubu's Refrigeration  Ice            0%         4d7       100%        7


Dungeon Overview and Level Annotations

Branches:
Dungeon (14/15)            Temple (1/1) D:4            Lair (0/5) D:8
    Orc (0/2) D:10         Vaults (0/5) D:14

Altars:
Ashenzari
Cheibriados
Dithmenos
Elyvilon
Fedhas
Gozag
Hepliaklqana
Kikubaaqudgha
Makhleb
Nemelex Xobeh
Okawaru
Qazlal
Ru
Sif Muna
Trog
Uskayaw
Vehumet
Wu Jian
Xom
Yredelemnul
Zin
The Shining One

Shops:
D:1 *   D:10 [*

Annotations:
D:14 Azrael


Innate Abilities, Weirdness & Mutations

You are too large for most types of armour.
You have claws for hands.
Your natural rate of healing is unusually fast.
You are covered in fur. (AC +1)
You have tough skin. (AC +1)


Message History

Okay, then.
Aiming: Duel (36% risk of failure)
Press: ? - help, Dir - move target, f - tengu warrior
Aim: a tengu warrior, wielding a +0 great sword and wearing a +0 ring mail (heavily wounded)
You enter into single combat with the tengu warrior!
The world spins around you as you enter the gateway.
You enter Okawaru's Arena!
The spectator shouts! x6
The tengu warrior hits you with a +0 great sword!
* * * LOW HITPOINT WARNING * * *
The tengu warrior pecks you but does no damage.
The tengu warrior barely misses you.
The spectator shouts! x4
Found a gate leading back out of this place.
There is an empty arch of ancient stone, spattered with blood here.
You feel better.
The spectator shouts! x2
The tengu warrior hits you with a +0 great sword!
* * * LOW HITPOINT WARNING * * *
The tengu warrior pecks you but does no damage.
The tengu warrior claws you but does no damage.
You feel better.
The tengu warrior hits you with a +0 great sword.
* * * LOW HITPOINT WARNING * * *
The tengu warrior pecks you but does no damage.
The tengu warrior claws you.
* * * LOW HITPOINT WARNING * * *
The spectator mutters to another spectator.
You can now deal lightning-fast blows.
The tengu warrior hits you with a +0 great sword!
* * * LOW HITPOINT WARNING * * *
The tengu warrior pecks you but does no damage.
The tengu warrior completely misses you.
You barely miss the tengu warrior.
The tengu warrior is moderately wounded.
You barely miss the tengu warrior.
The tengu warrior is moderately wounded.
The tengu warrior hits you with a +0 great sword!!
You die...
Okawaru crowns the tengu warrior victorious!

###########
#...ppp...#
#.▓▓▓▓▓▓▓p#
#p▓.....▓p#
#p▓.Q...▓▓#
#p▓..@..▓∩#
#p▓.....▓▓#
#.▓.....▓p#
#.▓▓▓▓▓▓▓.#
#..pppp.p.#
###########


You could see a tengu warrior.

Vanquished Creatures
  Snorg (D:14)
  3 boulder beetles
  Erica (D:10)
  A centaur warrior (D:13)
  4 two-headed ogres
  The ghost of PyroL the Geomancer, a journeyman GrEE of Vehumet (D:10)
  3 death yaks
  2 deep elf pyromancers (D:14)
  A necromancer (D:11)
  5 cyclopes
  An oklob plant (D:7)
  2 gargoyles
  A rime drake (shapeshifter) (D:14)
  A komodo dragon (D:9)
  2 kobold demonologists (D:13)
  Prince Ribbit (D:5)
  3 trolls (D:10)
  A wolf spider simulacrum (D:14)
  6 slime creatures (D:12)
  Sigmund (D:3)
  2 shadows
  6 wraiths
  A spriggan (shapeshifter) (D:14)
  A basilisk (D:14)
  19 yaks
  2 wyverns
  3 fire elementals
  5 vampire mosquitoes
  3 acid dragons
  3 hell hounds
  2 water moccasins (D:5)
  7 orc warriors
  3 sky beasts (D:6)
  3 black bears
  The ghost of Lemondrips the Chopper, an amateur AtRe (D:4)
  5 centaurs
  4 kobold brigands
  4 necrophages
  Blork the orc (D:5)
  6 bullfrogs
  3 gnoll sergeants
  3 scorpions
  12 wights
  14 killer bees
  A howler monkey (D:9)
  2 lava snakes (D:9)
  2 orc priests
  3 jellies
  A hound (D:6)
  2 gnoll boudas
  Ijyb (D:4)
  5 iguanas
  8 orc wizards
  3 hell rats (D:8)
  A yak simulacrum (D:11)
  2 polar bear simulacra (D:11)
  3 wolf simulacra (D:11)
  21 gnolls
  9 adders
  2 river rats (D:8)
  A shadow imp (D:8)
  A white imp (D:6)
  An ufetubus (D:6)
  A worm (D:2)
  A dart slug (D:2)
  37 orcs
  2 ball pythons (D:3)
  6 bats
  5 endoplasms
  A giant cockroach (D:1)
  6 goblins
  6 hobgoblins
  20 kobolds
  3 quokkas
  A frilled lizard (D:1)
  4 rats
  5 river rat simulacra (D:11)
  A toadstool (D:7)
322 creatures vanquished.

Vanquished Creatures (others)
  2 orc wizards
  A fungus (D:7)
  A plant (D:7)
  13 toadstools (D:7)
17 creatures vanquished.

Grand Total: 339 creatures vanquished

Notes
Turn   | Place    | Note
-------+----------+-------------------------------------------
     0 | D:1      | greenreed the Troll Monk began the quest for the Orb.
     0 | D:1      | Reached XP level 1. HP: 22/22 MP: 0/0
   115 | D:1      | Found Xuill's Assorted Antiques.
   345 | D:1      | Reached XP level 2. HP: 29/29 MP: 1/1
  1003 | D:2      | Reached XP level 3. HP: 36/36 MP: 2/2
  1694 | D:3      | Reached skill level 4 in Unarmed Combat
  1739 | D:3      | Noticed Sigmund
  1743 | D:3      | Killed Sigmund
  1744 | D:3      | Reached skill level 5 in Unarmed Combat
  1744 | D:3      | Reached XP level 4. HP: 38/45 MP: 3/3
  1744 | D:3      | Reached XP level 5. HP: 45/53 MP: 4/4
  1896 | D:3      | Reached skill level 1 in Throwing
  2230 | D:4      | Found a staircase to the Ecumenical Temple.
  2258 | D:4      | Noticed a black bear
  2269 | D:4      | Killed a black bear
  2270 | D:4      | Reached XP level 6. HP: 50/61 MP: 5/5
  2605 | D:4      | Noticed Ijyb
  2606 | D:4      | Paralysed by Ijyb for 5 turns
  2614 | D:4      | Killed Ijyb
  2615 | D:4      | Reached skill level 6 in Unarmed Combat
  2755 | D:4      | Identified the +7 sling of Blind Justice {heavy, Drain
                  | +Blink rPois Str+3}
  3004 | D:4      | Found a runed translucent gate.
  3005 | D:4      | Found a runed translucent gate.
  3005 | D:4      | Found a runed translucent gate.
  3006 | D:4      | Noticed Lemondrips's ghost (amateur AtRe)
  3270 | D:4      | Identified the +7 sling of the Eternal Warrior {freeze,
                  | rPois rC- Int+3 Stlth+}
  3272 | D:4      | Found a broken altar of Ashenzari.
  3272 | D:4      | Found a hazy altar of Hepliaklqana.
  3385 | Temple   | Entered the Ecumenical Temple
  3414 | Temple   | Became a worshipper of Warmaster Okawaru
  3414 | Temple   | Reached * piety under Okawaru
  3414 | Temple   | Reached ** piety under Okawaru
  3456 | D:4      | Killed Lemondrips's ghost
  3457 | D:4      | Reached XP level 7. HP: 67/67 MP: 3/6
  3538 | D:5      | Entered Level 5 of the Dungeon
  3538 | D:5      | Noticed Blork the orc
  3542 | D:5      | Killed Blork the orc
  3729 | D:5      | Reached skill level 1 in Invocations
  3738 | D:5      | Reached skill level 7 in Unarmed Combat
  3740 | D:5      | Reached XP level 8. HP: 78/78 MP: 8/8
  3966 | D:5      | Noticed Prince Ribbit
  3972 | D:5      | Killed Prince Ribbit
  4258 | D:5      | Reached *** piety under Okawaru
  4383 | D:6      | Reached skill level 8 in Unarmed Combat
  4490 | D:6      | Reached XP level 9. HP: 85/85 MP: 10/10
  4512 | D:6      | Reached **** piety under Okawaru
  4619 | D:6      | Reached skill level 5 in Throwing
  4711 | D:6      | Found a white marble altar of Elyvilon.
  5089 | D:7      | Found a blossoming altar of Fedhas.
  5111 | D:7      | Noticed an oklob plant
  5121 | D:7      | Killed an oklob plant
  5930 | D:8      | Noticed a death yak
  5941 | D:7      | Reached skill level 9 in Unarmed Combat
  6044 | D:8      | Reached skill level 5 in Fighting
  6231 | D:8      | Reached ***** piety under Okawaru
  6525 | D:8      | Noticed a death yak
  6525 | D:8      | Noticed a death yak
  6553 | D:8      | Killed a death yak
  6553 | D:8      | Received a gift from Okawaru
  6554 | D:8      | Reached XP level 10. HP: 41/96 MP: 9/12
  6623 | D:8      | Found a staircase to the Lair.
  6694 | D:7      | Killed a death yak
  6920 | D:8      | Identified the +1 robe of Indecent Exposure {rN+ rCorr}
                  | (Okawaru gifted it to you on level 8 of the Dungeon)
  6920 | D:8      | Received a gift from Okawaru
  6966 | D:7      | Killed a death yak
  6967 | D:7      | Reached skill level 10 in Unarmed Combat
  7375 | D:8      | Found a basalt altar of Yredelemnul.
  7376 | D:8      | Found a radiant altar of Vehumet.
  7510 | D:9      | Reached skill level 5 in Invocations
  7772 | D:9      | Reached skill level 11 in Unarmed Combat
  7851 | D:9      | Reached XP level 11. HP: 105/105 MP: 13/13
  8322 | D:10     | Entered Level 10 of the Dungeon
  8341 | D:10     | Found a sparkling altar of Nemelex Xobeh.
  8466 | D:10     | Found Weirchot's General Store.
  8474 | D:10     | Bought a scroll of teleportation for 42 gold pieces
  8474 | D:10     | Bought a scroll of noise for 14 gold pieces
  8490 | D:10     | Found a runed translucent door.
  8511 | D:10     | Noticed PyroL's ghost (journeyman GrEE)
  8516 | D:10     | Noticed a two-headed ogre
  8527 | D:10     | Killed a two-headed ogre
  8619 | D:10     | Received a gift from Okawaru
  8620 | D:10     | Reached skill level 1 in Armour
  8625 | D:10     | Reached skill level 5 in Dodging
  8791 | D:10     | Found a staircase to the Orcish Mines.
  8793 | D:10     | Found Naitz's Armour Shoppe.
  9191 | D:10     | Killed PyroL's ghost
  9192 | D:10     | Reached skill level 12 in Unarmed Combat
  9267 | D:11     | Noticed Erica
  9271 | D:11     | Noticed a two-headed ogre
  9281 | D:10     | Killed Erica
  9349 | D:11     | Killed a two-headed ogre
  9683 | D:11     | Noticed a boulder beetle
  9694 | D:11     | Killed a boulder beetle
  9695 | D:11     | Reached XP level 12. HP: 89/115 MP: 15/15
 10141 | D:12     | Noticed a boulder beetle
 10181 | D:11     | Reached skill level 13 in Unarmed Combat
 10185 | D:11     | Killed a boulder beetle
 10287 | D:12     | Noticed a two-headed ogre
 10293 | D:12     | Killed a two-headed ogre
 10293 | D:12     | Received a gift from Okawaru
 11045 | D:13     | Noticed a centaur warrior
 11047 | D:13     | Killed a centaur warrior
 11186 | D:13     | Noticed a boulder beetle
 11196 | D:13     | Killed a boulder beetle
 11196 | D:13     | Identified the +1 robe "Kooret" {+Blink rN+ Str-5} (Okawaru
                  | gifted it to you on level 13 of the Dungeon)
 11196 | D:13     | Received a gift from Okawaru
 11640 | D:13     | Identified the +6 dagger "Xett" {drain, Dex+3}
 12010 | D:14     | Noticed Azrael
 12311 | D:14     | Found a gate to the Vaults.
 12344 | D:14     | Noticed a two-headed ogre
 12347 | D:14     | Killed a two-headed ogre
 12348 | D:14     | Reached skill level 1 in Shields
 12545 | D:14     | Noticed Snorg
 12554 | D:14     | Killed Snorg
 12555 | D:14     | Reached XP level 13. HP: 48/124 MP: 11/17
 12633 | Arena    | Entered the Arena
 12636 | Arena    | HP: 6/124 [tengu warrior/+0 great sword (16)]
 12638 | Arena    | Mangled by a tengu warrior

Illustrated notes

Levels and vault maps discovered:
D:1:      arrival_zaba_pyramid, layout_basic, serial_shops,
          nicolae_shop_overgrown_old_shop, minmay_misc_feat_tower
D:2:      layout_basic, ebering_dispersal_statue_hall
D:3:      layout_basic, hex_large, chequers_serial_rivers_micro_b, uniq_sigmund
D:4:      minmay_wonky_spiral, layout_basic, gammafunk_temple_overflow_wave,
          minmay_temple_entry_large_hall, ebering_ghost_rock_garden, uniq_ijyb
D:5:      layout_loops_ring, uniq_prince_ribbit1, uniq_blork_the_orc
D:6:      minmay_general_purpose_star, layout_cave_pools, elyvilon_altar_4
D:7:      layout_basic, tgw_fedhas, grunt_decor_one_mirror
D:8:      layout_basic, gammafunk_temple_overflow_statue, dpeg_lair_monsters,
          kennysheep_generic_room_8
D:9:      layout_loops_ring, kennysheep_donut
D:10:     layout_small_grid, nemelex_spade_bored_becter, orc_david_3,
          serial_shops, nicolae_square_shop, hellmonk_ghost_happy_afterlife,
          minmay_joined_circles
D:11:     layout_basic, eino_house_with_fridge, uniq_erica
D:12:     layout_stronghold
D:13:     layout_stronghold
D:14:     layout_grid_maze, david_vaults_2, minmay_stone_trees_medium,
          uniq_snorg, uniq_azrael
Temple:   hellmonk_temple_of_storms
Arena

Skill      XL: |  1  2  3  4  5  6  7  8  9 10 11 12 |
---------------+-------------------------------------+-----
Unarmed Combat | 5 6 7 8 9 11 12 13 | 13.8
Fighting       | 3 4 5 6 7 |  7.3
Throwing       | 1 2 3 4 6 7 8 9 |  9.7
Dodging        | 3 4 5 |  5.6
Invocations    | 1 3 4 5 6 7 |  7.4
Stealth        | 2 |  2.4
Armour         | 1 3 |  3.6
Shields        | 1 |  1.3

Action                   |  1- 3 |  4- 6 |  7- 9 | 10-12 | 13-15 || total
-------------------------+-------+-------+-------+-------+-------++-------
Melee: Unarmed           |    53 |    43 |   141 |   312 |    12 ||   561
       Punch             |       |       |     3 |    20 |       ||    23
Throw: Large rock        |    18 |    31 |   130 |   161 |     1 ||   341
       Javelin           |       |     4 |    10 |    23 |       ||    37
Invok: Heroism           |       |     1 |     2 |     5 |     1 ||     9
       Finesse           |       |       |       |     1 |     1 ||     2
       Duel              |       |       |       |       |     1 ||     1
  Use: Scroll            |       |       |       |    19 |       ||    19
       Potion            |       |       |       |       |     2 ||     2
 Stab: Sleeping          |     3 |       |       |       |       ||     3
Armor: Robe              |    14 |    13 |    27 |    20 |       ||    74
       Troll leather arm |       |       |       |    39 |     9 ||    48
Dodge: Dodged            |    17 |    17 |    76 |   153 |    14 ||   277
Block: Other             |       |       |       |    37 |     4 ||    41
       Reflection        |       |       |       |     1 |       ||     1

Table legend: (Time is in decaauts)
 A = Elapsed time spent in this place.
 B = Non-inter-level travel time spent in this place.
 C = Inter-level travel time spent in this place.
 D = Time resting spent in this place.
 E = Time spent auto-exploring this place.
 F = Levels seen in this place.
 G = Mean time per level.
                   A        B        C        D        E       F      G
               +--------+--------+--------+--------+--------+-----+--------+
         Total |  12813 |  12108 |    705 |    295 |   9656 |  16 |  800.8 |
       Dungeon |  12764 |  12073 |    691 |    295 |   9641 |  14 |  911.7 |
        Temple |     44 |     30 |     14 |      0 |     15 |   1 |   44.0 |
         Arena |      4 |      4 |      0 |      0 |      0 |   1 |    4.0 |
               +--------+--------+--------+--------+--------+-----+--------+

Top non-repeatable levels by time:
     D:7: 1296 daAuts
     D:4: 1295 daAuts
     D:8: 1213 daAuts
    D:13: 1073 daAuts
    D:10: 1018 daAuts
    D:12: 901 daAuts
     D:9: 868 daAuts
     D:5: 838 daAuts
     D:1: 827 daAuts
    D:11: 804 daAuts
     D:3: 727 daAuts
     D:2: 683 daAuts
     D:6: 660 daAuts
    D:14: 553 daAuts
  Temple: 44 daAuts
